 Dungeon Crawl Stone Soup version 0.30.1 (webtiles) character file.

Game seed: 30629807961611442

2616 Pepete the Trooper (level 9, -1/69 HPs)
             Began as a Human Fighter on July 2, 2023.
             Was a Follower of the Shining One.
             Slain by a thrashing horror (12 damage)
             ... on level 2 of the Abyss.
             The game lasted 00:20:36 (8931 turns).

Pepete the Trooper (Human Fighter)                  Turns: 8931, Time: 00:20:37

Health: -1/69      AC: 15    Str: 21    XL:     9   Next: 91%
Magic:  13/13      EV:  9    Int:  9    God:    the Shining One [*.....]
Gold:   400        SH:  5    Dex: 12    Spells: 14/14 levels left

rFire   + . .        e - +1 whip (freeze)
rCold   . . .        c - +0 buckler
rNeg    . . .        b - +0 scale mail
rPois   +            t - +0 helmet
rElec   .            m - +0 cloak
rCorr   .            f - +1 pair of gloves
SInv    .            (no boots)
Will    .....        n - amulet of regeneration Stlth
                     s - ring of poison resistance
HPRegen 1.11/turn    q - ring of protection from fire
MPRegen 0.13/turn

%: no passive effects
@: flying, glowing
A: iridescent scales 1, shaggy fur 1, wild magic 1
a: Renounce Religion, Divine Shield


You were on level 2 of the Abyss.
You worshipped the Shining One.
The Shining One was aware of your devotion.
You visited 1 branch of the dungeon, and saw 8 of its levels.
You visited the Abyss 1 time.

You collected 463 gold pieces.
You spent 63 gold pieces at shops.

Inventory:

Hand Weapons
 e - a +1 whip of freezing (weapon)
Armour
 b - a +0 scale mail (worn)
 c - a +0 buckler (worn)
 f - a +1 pair of gloves (worn)
 m - a +0 cloak (worn)
 t - a +0 helmet (worn)
Magical Staves
 p - a staff of air
Jewellery
 l - a ring of poison resistance
 n - an amulet of regeneration (around neck)
 q - a ring of protection from fire (right hand)
 s - a ring of poison resistance (left hand)
Scrolls
 k - 2 scrolls of amnesia
 r - 4 scrolls of identify
Potions
 d - 3 potions of flight
 g - a potion of lignification
 o - a potion of mutation
 u - a potion of invisibility
 v - a potion of magic


   Skills:
 * Level 6.1 Fighting
 - Level 5.4 Long Blades
 * Level 1.0 Maces & Flails
 * Level 6.1 Armour
 * Level 6.0 Shields
 + Level 3.0 Spellcasting
 + Level 3.0 Conjurations
 + Level 2.9 Air Magic
 + Level 3.5 Poison Magic


You had 14 spell levels left.
You didn't know any spells.
Your spell library contained the following spells:

 Spells                   Type           Power      Damage    Failure   Level
 Magic Dart               Conj           32%        1d4       34%         1
 Poisonous Vapours        Pois/Air       18%        N/A       45%         2
 Static Discharge         Conj/Air       16%        2-3/arc   47%         2
 Cigotuvi's Dreadful Rot  Necr/Pois/Air  12%        N/A       58%         2
 Mephitic Cloud           Conj/Pois/Air  9%         N/A       67%         3
 Apportation              Tloc           2%         N/A       73%         1
 Necrotise                Necr           4%         1d4       73%         1
 Summon Small Mammal      Summ           4%         N/A       73%         1
 Call Imp                 Summ           2%         N/A       86%         2
 Ignite Poison            Fire/Tmut/Pois 4%         N/A       90%         3
 Airstrike                Air            4%         2d(1-17)  97%         4
 Sticky Flame             Conj/Fire      5%         2d3       99%         4
 Summon Lightning Spire   Summ/Air       5%         N/A       99%         4
 Dispel Undead            Necr           1%         3d6       100%        4
 Freezing Cloud           Conj/Ice/Air   3%         6-21      100%        5
 Death Channel            Necr           0%         N/A       100%        6
 Ignition                 Fire           0%         3d3       100%        8


Dungeon Overview and Level Annotations

Branches:
Dungeon (8/15)             Temple (0/1) D:4
   Lair: D:8-11

Altars:
Elyvilon
Trog
Vehumet
Wu Jian
The Shining One

Shops:
D:5 **(=[

Annotations:
D:5 Prince Ribbit
D:7 1 runed translucent door, Crazy Yiuf, Maggie


Innate Abilities, Weirdness & Mutations

You are partially covered in iridescent scales. (AC +2)
You are covered in fur. (AC +1)
Your spells are a little harder to cast, but a little more powerful.


Message History

A starcursed mass splits. x2
A large abomination comes into view.
A starcursed mass splits.
The thrashing horror barely misses you. The thrashing horror tramples you.
* * * LOW HITPOINT WARNING * * *
You hold your ground!
Blink to where?
Press: ? - help, Dir - move target
As you read the scroll of blinking, it crumbles to dust.
A fire bat comes into view.
The small abomination attacks as you move away!
The small abomination closely misses you.
You block the fire bat's attack.
The small abomination attacks as you move away!
The small abomination hits you!
* * * LOW HITPOINT WARNING * * *
The fire bat bites you but does no damage.
The thrashing horror tramples you but does no damage.
You block the thrashing horror's attack.
The small abomination attacks as you move away!
The small abomination closely misses you.
You block the thrashing horror's attack.
The thrashing horror tramples you but does no damage.
You hit the fire bat. You freeze the fire bat.
The fire bat is lightly wounded.
The fire bat closely misses you.
The thrashing horror closely misses you.
The thrashing horror tramples you.
* * * LOW HITPOINT WARNING * * *
You hold your ground!
The small abomination barely misses you.
You feel very buoyant.
You fly up into the air.
The fire bat bites you but does no damage.
The small abomination hits you.
* * * LOW HITPOINT WARNING * * *
The starcursed mass shrieks in your mind.
* * * LOW HITPOINT WARNING * * *
You block the fire bat's attack. The thrashing horror tramples you!
You die...

#.. #.#X#
.
##.####X#
X# #..
#...##.#
#..
.#..X..
...#...#
..#
..#.#...#
.# #.
#.x#.# #
#.X#.##.#
###@b...#
#.........
#.##.#.#.#
#. ##ยง.#
##


You could see a starcursed mass, a thrashing horror, a large abomination, a
small abomination and a fire bat.

Vanquished Creatures
  Pikel (D:5)
  Joseph (D:7)
  A hornet (D:7)
  A yak (D:7)
  A vampire mosquito (D:7)
  Edmund (D:6)
  A water moccasin (D:4)
  An ice beast (D:7)
  A sky beast (D:6)
  An ogre (D:6)
  A centaur (D:7)
  A phantom (D:5)
  A bullfrog (D:8)
  2 kobold brigands (D:8)
  A scorpion (D:5)
  6 hounds
  3 orc wizards
  2 iguanas
  12 adders
  A shadow imp (D:6)
  A worm (D:2)
  A dart slug (D:1)
  12 orcs
  4 bats
  10 endoplasms
  5 giant cockroaches
  4 hobgoblins
  7 jackals
  2 quokkas
  7 ball pythons
  14 kobolds
  6 rats
113 creatures vanquished.

Notes
Turn   | Place    | Note
-------+----------+-------------------------------------------
     0 | D:1      | Pepete the Human Fighter began the quest for the Orb.
     0 | D:1      | Reached XP level 1. HP: 18/18 MP: 1/1
   182 | D:1      | Reached XP level 2. HP: 24/24 MP: 2/2
   444 | D:1      | Reached XP level 3. HP: 29/29 MP: 3/3
  1375 | D:2      | Reached XP level 4. HP: 35/35 MP: 4/4
  2272 | D:3      | Reached skill level 1 in Poison Magic
  2278 | D:3      | Reached XP level 5. HP: 29/41 MP: 4/6
  2563 | D:3      | Found a radiant altar of Vehumet.
  2657 | D:3      | You fall into a shaft and drop 2 floors!
  2657 | D:5      | Entered Level 5 of the Dungeon
  2676 | D:3      | Found a glowing golden altar of the Shining One.
  2683 | D:3      | Became a worshipper of the Shining One
  3783 | D:3      | Reached skill level 1 in Spellcasting
  4237 | D:4      | Reached XP level 6. HP: 35/48 MP: 7/7
  4668 | D:4      | Noticed a water moccasin
  4687 | D:4      | Killed a water moccasin
  4688 | D:4      | Reached XP level 7. HP: 47/54 MP: 8/8
  4698 | D:4      | Found a staircase to the Ecumenical Temple.
  5181 | D:4      | Found an ornate altar of the Wu Jian Council.
  5201 | D:5      | Found Kivuchaa's Assorted Antiques.
  5214 | D:5      | Found Segg's Jewellery Boutique.
  5239 | D:5      | Reached skill level 1 in Air Magic
  5258 | D:5      | Reached skill level 1 in Conjurations
  5331 | D:5      | Found Jumutatu's Armour Boutique.
  5335 | D:5      | Found Xomip's Weapon Boutique.
  5344 | D:5      | Bought a +0 helmet for 63 gold pieces
  5358 | D:5      | Found Boptilem's General Store.
  5368 | D:5      | Noticed Pikel
  5392 | D:5      | Killed Pikel
  5393 | D:5      | Reached skill level 5 in Fighting
  5393 | D:5      | Reached skill level 5 in Armour
  5393 | D:5      | Reached XP level 8. HP: 52/62 MP: 9/11
  5745 | D:6      | Reached skill level 5 in Shields
  5881 | D:6      | Noticed Edmund
  5915 | D:6      | Killed Edmund
  5916 | D:6      | Reached XP level 9. HP: 49/68 MP: 12/12
  5986 | D:6      | Found a white marble altar of Elyvilon.
  6409 | D:6      | Noticed Prince Ribbit
  6949 | D:7      | Gained mutation: Your spells are a little harder to cast,
                  | but a little more powerful. [potion of mutation]
  6949 | D:7      | Gained mutation: You are covered in fur. (AC +1) [potion of
                  | mutation]
  6949 | D:7      | Gained mutation: You are partially covered in iridescent
                  | scales. (AC +2) [potion of mutation]
  7033 | D:7      | Noticed Joseph
  7273 | D:7      | Found a bloodstained altar of Trog.
  7432 | D:7      | Reached skill level 5 in Long Blades
  7476 | D:8      | Noticed a two-headed ogre
  7476 | D:8      | Noticed a hornet
  7495 | D:7      | Paralysed by a hornet for 1 turns
  7499 | D:7      | Killed a hornet
  8602 | D:7      | Killed Joseph
  8603 | D:7      | Reached skill level 1 in Maces & Flails
  8702 | D:7      | Found a runed translucent door.
  8703 | D:7      | Noticed Crazy Yiuf
  8822 | D:7      | Noticed Maggie
  8846 | Abyss:2  | Cast into level 2 of the Abyss (Maggie)
  8883 | Abyss:2  | Found a corrupted altar of Lugonu.
  8885 | Abyss:2  | Noticed a thrashing horror
  8888 | Abyss:2  | Noticed a raiju
  8896 | Abyss:2  | Noticed a hell hog
  8896 | Abyss:2  | Reached * piety under the Shining One
  8909 | Abyss:2  | Noticed a large abomination
  8909 | Abyss:2  | Noticed a wretched star
  8915 | Abyss:2  | Noticed a starcursed mass
  8917 | Abyss:2  | Noticed a large abomination
  8931 | Abyss:2  | Slain by a thrashing horror

Illustrated notes

Levels and vault maps discovered:
D:1:      lemuel_arrival_behind_the_door_small, layout_loops_ring
D:2:      layout_basic, kennysheep_another_room, wad_orctagon
D:3:      layout_basic, tso_altar, mainiacjoe_overflow_alcove_2,
          hangedman_decor_push, grunt_decor_cap, minmay_misc_feat_diagonals,
          minmay_fractal_squares_diagonal_5
D:4:      layout_loops_ring, kennysheep_little_box, minmay_temple_entry_grid
D:5:      layout_rooms, serial_shops, shop, minmay_shop_grid_forest, uniq_pikel
D:6:      layout_basic, nicolae_overflow_hidden_temple, reono_crystal_passage,
          uniq_edmund, uniq_prince_ribbit1
D:7:      layout_loops_cross, mainiacjoe_overflow_catwalk, uniq_joseph,
          uniq_crazy_yiuf_cottage, uniq_maggie
D:8:      minmay_the_grid_octo_tiled_squarecenter [minmay_the_grid_octo_horde,
          minmay_the_grid_octo_fat_diamond, minmay_the_grid_octo_shrine,
          minmay_the_grid_octo_toaster,
          minmay_the_grid_square_5x5_megaprize_open,
          minmay_the_grid_square_5x5_moneybag, minmay_the_grid_square_5x5_inset,
          minmay_the_grid_square_5x5_c, minmay_the_grid_square_5x5_inner_i],
          layout_gridville, hangedman_decor_slide_cut, serial_bayou_pond_c
Abyss:2:  base: D:7, hangedman_abyss_mock_shop

Skill      XL: |  1  2  3  4  5  6  7  8  9 |
---------------+----------------------------+-----
Poison Magic   | 1 2 3 |  3.5
Long Blades    | 3 4 5 |  5.4
Spellcasting   | 1 2 3 |  3.0
Fighting       | 4 5 6 |  6.1
Armour         | 4 5 6 |  6.1
Shields        | 4 5 6 |  6.0
Air Magic      | 1 2 |  2.9
Conjurations   | 1 2 3 |  3.0
Maces & Flails | 1 |  1.0

Action                     |  1- 3 |  4- 6 |  7- 9 || total
---------------------------+-------+-------+-------++-------
  Melee: Long sword        |    60 |   210 |   296 ||   566
         Whip              |       |       |    36 ||    36
    Use: Potion            |     1 |     8 |    15 ||    24
         Scroll            |       |     9 |     5 ||    14
 Armour: Scale mail        |    32 |   113 |   219 ||   364
  Dodge: Dodged            |    17 |   104 |   222 ||   343
  Block: Buckler           |    14 |    51 |   107 ||   172
